 Dungeon Sprint DCSS version 0.22.0-21-g8bd1b0a (webtiles) character file.

37 wojtek the Fanfare of Bloodshed (level 3, -14/29 HPs)
             Began as a Demonspawn Fighter on Aug 19, 2018.
             Was a Believer of Makhleb.
             Killed from afar by a battlesphere (15 damage)
             ... created by a deep elf mage
             ... in the Dungeon (Sprint VII: "The Pits").
             The game lasted 00:01:53 (457 turns).

wojtek the Fanfare of Bloodshed (Demonspawn Fighter) Turns: 457, Time: 00:01:54

Health: -14/29     AC: 21    Str: 17    XL:     3   Next: 21%
Magic:  6/6        EV:  4    Int:  9    God:    Makhleb [**....]
Gold:   0          SH:  8    Dex: 12    Spells: 2/2 levels left

rFire    . . .     SeeInvis .   a - +0 war axe
rCold    . . .     Gourm    .   c - +0 shield
rNeg     . . .     Faith    .   q - +3 chain mail
rPois    .         Spirit   .   (no helmet)
rElec    .         Reflect  .   (no cloak)
rCorr    .         Harm     .   (no gloves)
MR       .....     NoTele   +   (no boots)
Stlth    ..........             (no amulet)
HPRegen  0.09/turn              (no ring)
MPRegen  0.10/turn              (no ring)

@: sanguine armour
A: sanguine armour 2
a: Minor Destruction, Renounce Religion


You were in the Dungeon.
You worshipped Makhleb.
Makhleb was pleased with you.
You were not hungry.

You visited 1 branch

Inventory:

Hand Weapons
 a - a +0 war axe (weapon)
Armour
 c - a +0 shield (worn)
 q - a +3 chain mail (worn)
Scrolls
 k - a scroll of blinking
 n - 3 scrolls of remove curse
 o - 5 scrolls of amnesia
 p - a scroll of summoning
Potions
 d - a potion of might
 e - 6 potions of curing
 g - 6 potions of heal wounds
 h - a potion of haste
 i - 4 potions of magic
 j - 3 potions of berserk rage
 m - 2 potions of invisibility
Comestibles
 f - 9 rations


   Skills:
 + Level 3.2 Fighting
 + Level 4.4 Axes
 + Level 2.9 Armour
 + Level 0.6 Dodging
 + Level 2.9 Shields
 + Level 4.8 Invocations


You had 2 spell levels left.
You didn't know any spells.
Your spell library was empty.

Dungeon Overview and Level Annotations

Branches:
Dungeon (1/1)

Altars:
Ashenzari
Cheibriados
Dithmenos
Elyvilon
Fedhas
Gozag
Hepliaklqana
Kikubaaqudgha
Makhleb
Nemelex Xobeh
Okawaru
Qazlal
Ru
Sif Muna
Trog
Uskayaw
Vehumet
Wu Jian
Xom
Yredelemnul
Zin
The Shining One
Beogh
Jiyva
Lugonu

Annotations:
D Ijyb


Innate Abilities, Weirdness & Mutations

When seriously injured, your bleeding wounds create thick armour. (AC +9)


Message History

* * * LOW HITPOINT WARNING * * *
The orb of energy explodes!
The battlesphere fires!
The barrage of energy hits you!
Your shield and chain mail prevent you from hitting the deep elf mage.
The deep elf mage is heavily wounded.
You block the deep elf mage's attack.
You miss the deep elf mage.
The deep elf mage is heavily wounded.
The deep elf mage hits you but does no damage.
You closely miss the deep elf mage.
The deep elf mage is heavily wounded.
The deep elf mage hits you but does no damage. x2
Your chain mail prevents you from hitting the deep elf mage.
The deep elf mage is heavily wounded.
The deep elf mage points at you and mumbles some strange words.
The orb of energy hits you!
* * * LOW HITPOINT WARNING * * *
The battlesphere fires!
The barrage of energy hits you!
Ouch! That really hurt!
You die...

#..........)'.....
#'#####'#####.....
#.#..#..#.[##.....
#.#..'..#))#####'#
#.#..####))##.....
#*#..#..#[)##.....
#.#(.#..#..##.....
#.##(#..#'###...<.
#@#.)).....##.....
#e#........##.....
#J###########.....
#lg...e.# ######
#lg#J#.l# #.## #
#.. #.# #..


You could see a deep elf mage, Ijyb, a jelly, a battlesphere, a gnoll and 2
leopard geckos.

Vanquished Creatures
  2 gnolls (D)
  2 oozes (D)
  A ball python (D)
  A goblin (D)
  A kobold (D)
  2 frilled lizards (D)
  A leopard gecko zombie (D)
10 creatures vanquished.

Notes
Turn   | Place    | Note
-------+----------+-------------------------------------------
     0 | D        | wojtek the Demonspawn Fighter began the quest for the Orb.
     0 | D        | Reached XP level 1. HP: 18/18 MP: 1/1
    41 | D        | Found a glowing golden altar of the Shining One.
    41 | D        | Found a glowing silver altar of Zin.
    41 | D        | Found a basalt altar of Yredelemnul.
    41 | D        | Found a shimmering altar of Xom.
    41 | D        | Found an ornate altar of the Wu Jian Council.
    41 | D        | Found a bloodstained altar of Trog.
    41 | D        | Found a deep blue altar of Sif Muna.
    41 | D        | Found a sacrificial altar of Ru.
    41 | D        | Found a stormy altar of Qazlal.
    41 | D        | Found an iron altar of Okawaru.
    41 | D        | Found a sparkling altar of Nemelex Xobeh.
    41 | D        | Found a burning altar of Makhleb.
    41 | D        | Found a viscous altar of Jiyva.
    41 | D        | Found a hazy altar of Hepliaklqana.
    41 | D        | Found an opulent altar of Gozag.
    41 | D        | Found a blossoming altar of Fedhas.
    41 | D        | Found a white marble altar of Elyvilon.
    41 | D        | Found a shadowy altar of Dithmenos.
    41 | D        | Found a snail-covered altar of Cheibriados.
    42 | D        | Found a radiant altar of Vehumet.
    42 | D        | Found a corrupted altar of Lugonu.
    42 | D        | Found a roughly hewn altar of Beogh.
    43 | D        | Found a hide-covered altar of Uskayaw.
    43 | D        | Found an ancient bone altar of Kikubaaqudgha.
    43 | D        | Found a shattered altar of Ashenzari.
    49 | D        | Became a worshipper of Makhleb the Destroyer
    90 | D        | Reached skill level 1 in Invocations
    91 | D        | Gained mutation: When seriously injured, your bleeding wounds create armour. (AC +9) [demonic ancestry]
    91 | D        | Reached XP level 2. HP: 16/24 MP: 2/4
   171 | D        | Reached * piety under Makhleb
   354 | D        | Reached ** piety under Makhleb
   354 | D        | Gained mutation: When seriously injured, your bleeding wounds create thick armour. (AC +9) [demonic ancestry]
   354 | D        | Reached XP level 3. HP: 27/29 MP: 6/6
   424 | D        | Noticed a deep elf mage
   424 | D        | Noticed Ijyb
   457 | D        | HP: 1/29 [deep elf mage/orb of energy (5)]
   457 | D        | Killed from afar by a battlesphere

Skill      XL: |  1  2 |
---------------+-------+-----
Axes           | 3 4 |  4.4
Invocations    | 2 4 |  4.8
Fighting       | |  3.2
Armour         | |  2.9
Dodging        | |  0.6
Shields        | |  2.9

Action                   || total
-------------------------++-------
Melee: War axe           ||    49
 Stab: Distracted        ||     1
Armor: Scale mail        ||     8
       Chain mail        ||    22
Dodge: Dodged            ||     8
Block: Shield            ||    20
